[Event "Titled Tuesday Blitz January 03 Early 2023"]
[White "gshwbedhkhd"]
[Black "Nakamura, Hikaru"]
[BlackFideId "2016192"]
[WhiteElo "2529"]
[BlackElo "2775"]
[Result "0-1"]
[Round "01"]
[TimeControl "180+2"]
[Date "2023.01.03"]
[WhiteClock "0:00:08"]
[BlackClock "0:01:20"]

1. e4 g6 2. d4 Bg7 3. Nc3 a6 4. f4 c6 5. Nf3 d5 6. e5 Bg4 7. Be3 h5 8. Bd3 Nh6 9. h3 Bxf3 10. Qxf3 Nf5 11. g3 Nxe3 12. Qxe3 e6 13. Ne2 Nd7 14. Qf3 c5 15. c3 Qb6 16. Rb1 cxd4 17. cxd4 Nb8 18. a3 Nc6 19. Qe3 h4 20. g4 g5 21. Rf1 Rf8 22. b4 gxf4 23. Qxf4 f6 24. exf6 Rxf6 25. Qd6 Qd8 26. Qh2 Kd7 27. b5 Qa5+ 28. Rb4 Nxb4 29. axb4 Qxb4+ 0-1


[Site "https://www.chess.com"]

[Event "Titled Tuesday Blitz January 03 Early 2023"]
[White "Carlsen, Magnus"]
[Black "Aghasiyev, Kamal"]
[WhiteFideId "1503014"]
[BlackFideId "13402854"]
[WhiteElo "2853"]
[BlackElo "2441"]
[Result "1-0"]
[Round "01"]
[TimeControl "180+2"]
[Date "2023.01.03"]
[WhiteClock "0:01:36"]
[BlackClock "0:00:03"]

1. e4 e5 2. Nf3 Nc6 3. Bb5 a6 4. Ba4 Nf6 5. O-O b5 6. Bb3 Bc5 7. a4 Rb8 8. axb5 axb5 9. d3 d6 10. h3 h6 11. Be3 Bxe3 12. fxe3 O-O 13. Qe1 Be6 14. Bxe6 fxe6 15. Qc3 Qd7 16. Nbd2 Ra8 17. Nb3 Ra4 18. Rxa4 bxa4 19. Nbd2 Rb8 20. Ra1 Nb4 21. b3 axb3 22. Qxb3 Rb6 23. Nc4 Rb8 24. c3 Na6 25. Qc2 Nc5 26. Nfd2 Qc6 27. Na5 Qb5 28. d4 Qd3 29. Qxd3 Nxd3 30. Nac4 exd4 31. exd4 d5 32. exd5 exd5 33. Ne3 Rb2 34. Nf3 Nf4 35. Ne5 Re2 36. Nf5 Rxg2+ 37. Kf1 Rg5 38. Ra8+ Kh7 39. Ne7 g6 40. Rf8 Ne4 41. Rxf4 Ng3+ 42. Ke1 1-0


[Site "https://www.chess.com"]

[Event "Titled Tuesday Blitz January 03 Early 2023"]
[White "Danielyan, Vahe"]
[Black "Deac, Bogdan-Daniel"]
[WhiteFideId "13304828"]
[BlackFideId "1226380"]
[WhiteElo "2346"]
[BlackElo "2700"]
[Result "0-1"]
[Round "01"]
[TimeControl "180+2"]
[Date "2023.01.03"]
[WhiteClock "0:00:04"]
[BlackClock "0:00:09"]

1. e4 c6 2. d4 d5 3. exd5 cxd5 4. Bd3 Nf6 5. h3 g6 6. Nf3 Nc6 7. O-O Bf5 8. Be2 Qc7 9. c3 e6 10. Nbd2 h6 11. Re1 g5 12. Nf1 Bd6 13. c4 O-O-O 14. Ne3 Be4 15. Bd2 Bf4 16. Rc1 Kb8 17. b4 Bxf3 18. Bxf3 Nxd4 19. cxd5 Qd6 20. Bc3 Nxf3+ 21. Qxf3 e5 22. Rcd1 e4 23. Qe2 Bxe3 24. Qxe3 Rhe8 25. Qd4 Nxd5 26. Rxe4 Rxe4 27. Qxe4 Qe6 28. Be5+ Ka8 29. Qd4 b6 30. a4 Kb7 31. a5 Rd7 32. Qc4 Nc7 33. a6+ Kc8 34. Qxe6 fxe6 35. Rc1 Kd8 36. f4 Nxa6 37. fxg5 hxg5 38. Bf6+ Ke8 39. b5 Nc7 40. Bxg5 Nxb5 41. h4 a5 42. Rc8+ Kf7 43. Rb8 Rd6 44. h5 Rd5 45. Rb7+ Ke8 46. Rb8+ Kd7 47. Rd8+ Kc6 48. Rxd5 Kxd5 49. h6 Nd6 50. h7 Nf7 51. Bf6 e5 52. g4 Ke6 53. h8=Q Nxh8 54. Bxh8 a4 55. g5 a3 56. g6 a2 57. g7 a1=Q+ 0-1


[Site "https://www.chess.com"]

[Event "Titled Tuesday Blitz January 03 Early 2023"]
[White "Nepomniachtchi, Ian"]
[Black "Ronka, Erik"]
[WhiteFideId "4168119"]
[BlackFideId "505080"]
[WhiteElo "2794"]
[BlackElo "2276"]
[Result "1-0"]
[Round "01"]
[TimeControl "180+2"]
[Date "2023.01.03"]
[WhiteClock "0:01:33"]
[BlackClock "0:00:17"]

1. e4 c5 2. Nf3 e6 3. d4 cxd4 4. Nxd4 Nf6 5. Nc3 d6 6. g4 h6 7. h4 Nc6 8. Bg2 Nxd4 9. Qxd4 e5 10. Qd3 Bxg4 11. Be3 a6 12. Bh3 Bxh3 13. Rxh3 Rc8 14. O-O-O Qc7 15. Kb1 Qc4 16. Qd2 Nxe4 17. Nxe4 Qxe4 18. f4 Qf5 19. Rg3 e4 20. Bd4 f6 21. Bc3 Kf7 22. Qg2 d5 23. Rg1 Rg8 24. Bd2 d4 25. Rb3 b5 26. a4 e3 27. Bc1 Be7 28. Rd3 Rc4 29. b3 Rc3 30. Rxc3 dxc3 31. axb5 axb5 32. Bxe3 g6 33. Qb7 b4 34. Re1 Qa5 35. Bb6 1-0


[Site "https://www.chess.com"]

[Event "Titled Tuesday Blitz January 03 Early 2023"]
[White "Dushyant Sharma"]
[Black "Naroditsky, Daniel"]
[WhiteFideId "25065130"]
[BlackFideId "2026961"]
[WhiteElo "2355"]
[BlackElo "2618"]
[Result "0-1"]
[Round "01"]
[TimeControl "180+2"]
[Date "2023.01.03"]
[WhiteClock "0:00:52"]
[BlackClock "0:00:50"]

1. e4 c6 2. d4 d5 3. exd5 cxd5 4. Bd3 Nf6 5. c3 Bg4 6. Nf3 e6 7. O-O Bd6 8. h3 Bh5 9. Bg5 Qc7 10. Nbd2 Nbd7 11. Qa4 O-O 12. Rae1 a6 13. Bxf6 Nxf6 14. Ne5 b5 15. Qc2 Bg6 16. Bxg6 hxg6 17. f4 b4 18. Rf3 bxc3 19. bxc3 Rac8 20. g4 Qa7 21. Kg2 Qxd4 22. Nb3 Qa4 23. Qf2 Ne4 24. Qh4 Qxa2+ 25. Kh1 Qxb3 26. c4 Qb4 27. cxd5 Bxe5 28. dxe6 Bf6 29. g5 Nxg5 0-1


[Site "https://www.chess.com"]

[Event "Titled Tuesday Blitz January 03 Early 2023"]
[White "Duda, Jan-Krzysztof"]
[Black "Borrmann, Laurenz"]
[WhiteFideId "1170546"]
[BlackFideId "312187930"]
[WhiteElo "2724"]
[BlackElo "2304"]
[Result "1-0"]
[Round "01"]
[TimeControl "180+2"]
[Date "2023.01.03"]
[WhiteClock "0:00:57"]
[BlackClock "0:00:25"]

1. e4 c6 2. Nf3 d5 3. exd5 cxd5 4. d4 Nc6 5. Ne5 a6 6. c3 Nxe5 7. dxe5 Bf5 8. Nd2 e6 9. Nf3 Ne7 10. Nd4 Nc6 11. Qa4 Qd7 12. Bb5 Rc8 13. Bxc6 bxc6 14. Qxa6 Bg6 15. Bg5 Bc5 16. Nb3 Ba7 17. O-O O-O 18. Qe2 c5 19. Rfd1 Rb8 20. h4 h6 21. Be3 Qc7 22. h5 Be4 23. f3 Bf5 24. Bf2 c4 25. Bxa7 Qxa7+ 26. Nd4 Bd3 27. Qf2 Qc7 28. Re1 Qb6 29. b4 cxb3 30. axb3 Rfc8 31. Qd2 Bh7 32. Re3 Qc5 33. Kh2 Qe7 34. g4 Kh8 35. Kg3 Re8 36. Nc6 Qc7 37. Nxb8 Qxb8 38. b4 f6 39. Qd4 fxe5 40. Qxe5 Qc8 41. Ra7 Rg8 42. g5 1-0


[Site "https://www.chess.com"]

[Event "Titled Tuesday Blitz January 03 Early 2023"]
[White "Ezat, Mohamed"]
[Black "Fedoseev, Vladimir"]
[WhiteFideId "10600906"]
[BlackFideId "24130737"]
[WhiteElo "2402"]
[BlackElo "2680"]
[Result "1-0"]
[Round "01"]
[TimeControl "180+2"]
[Date "2023.01.03"]
[WhiteClock "0:00:11"]
[BlackClock "0:00:09"]

1. d4 Nf6 2. c4 g6 3. Nc3 Bg7 4. e4 d6 5. Be2 O-O 6. Bg5 c5 7. d5 e6 8. Qd2 exd5 9. exd5 Re8 10. Nf3 Qb6 11. O-O Bf5 12. Rae1 Nbd7 13. Nh4 Ne4 14. Nxe4 Bxe4 15. f3 Bf5 16. Nxf5 gxf5 17. b3 Ne5 18. Qc2 Ng6 19. Bd3 f4 20. h4 h6 21. Bxh6 Rxe1 22. Rxe1 Bd4+ 23. Kh1 Ne5 24. Bxf4 Qd8 25. Bg5 f6 26. Bf4 Kg7 27. Bf5 Qh8 28. g3 Re8 29. Kg2 Nd3 30. Rxe8 Nxf4+ 31. gxf4 Qxe8 32. Qe4 Qf7 33. h5 Qxh5 34. Qe7+ Qf7 35. Qxd6 Be3 36. Kg3 Kh6 37. Bg4 b6 38. f5 Bd4 39. f4 Qe8 40. Qe6 Qd8 41. d6 Kg7 42. Bh5 Kh6 43. Qf7 1-0


[Site "https://www.chess.com"]

[Event "Titled Tuesday Blitz January 03 Early 2023"]
[White "Kollars, Dmitrij"]
[Black "Patrascu, Catalin-Lucian"]
[WhiteFideId "12909572"]
[BlackFideId "1229052"]
[WhiteElo "2607"]
[BlackElo "2279"]
[Result "1-0"]
[Round "01"]
[TimeControl "180+2"]
[Date "2023.01.03"]
[WhiteClock "0:01:03"]
[BlackClock "0:00:01"]

1. e4 c5 2. c3 Nf6 3. e5 Nd5 4. Bc4 Nb6 5. Bb3 d5 6. exd6 Qxd6 7. Na3 Be6 8. d4 Bxb3 9. Qxb3 cxd4 10. Nb5 Qe5+ 11. Kf1 d3 12. Nf3 Qe2+ 13. Kg1 Nc6 14. Bd2 Na5 15. Qb4 Nac4 16. Re1 Nxd2 17. Rxe2 dxe2 18. Ne1 O-O-O 19. Nxa7+ Kc7 20. Nb5+ Kb8 21. Qf4+ e5 22. Qxe5+ Ka8 23. Qc7 Be7 24. Qxb6 1-0


[Site "https://www.chess.com"]

[Event "Titled Tuesday Blitz January 03 Early 2023"]
[White "Parpiev, Isaak"]
[Black "Erigaisi Arjun"]
[WhiteFideId "34281576"]
[BlackFideId "35009192"]
[WhiteElo "2167"]
[BlackElo "2701"]
[Result "0-1"]
[Round "01"]
[TimeControl "180+2"]
[Date "2023.01.03"]
[WhiteClock "0:00:52"]
[BlackClock "0:02:23"]

1. e4 c6 2. d4 d5 3. exd5 cxd5 4. c4 Nf6 5. Nc3 g6 6. cxd5 Nxd5 7. Bc4 Nb6 8. Bb3 Bg7 9. Nf3 O-O 10. O-O Nc6 11. d5 Na5 12. h3 Bxc3 13. bxc3 Nxb3 14. axb3 Qxd5 15. c4 Qxd1 16. Rxd1 Bf5 17. Re1 Rfe8 18. Nd4 Bd7 19. Ba3 e5 20. Nf3 f6 21. Bb4 Bc6 22. Nd2 Nd7 23. f3 b6 24. Kf2 a5 25. Bc3 Nc5 26. Re3 Red8 27. Ke2 Ne6 28. g3 Rd7 29. b4 axb4 30. Rxa8+ Bxa8 31. Bxb4 Nd4+ 32. Kf2 Nc2 0-1


[Site "https://www.chess.com"]

[Event "Titled Tuesday Blitz January 03 Early 2023"]
[White "Bortnyk, Olexandr"]
[Black "Garv Gaur"]
[WhiteFideId "14120828"]
[BlackFideId "45030839"]
[WhiteElo "2605"]
[BlackElo "2006"]
[Result "1-0"]
[Round "01"]
[TimeControl "180+2"]
[Date "2023.01.03"]
[WhiteClock "0:00:27"]
[BlackClock "0:00:04"]

1. d4 Nf6 2. Bf4 d5 3. Nc3 a6 4. e3 c5 5. dxc5 Nc6 6. Nf3 e6 7. Na4 Bxc5 8. Nxc5 Qa5+ 9. c3 Qxc5 10. Bd3 O-O 11. O-O h6 12. Ne5 Qe7 13. Qf3 Nd7 14. Nxd7 Bxd7 15. Qg3 Qf6 16. e4 e5 17. Be3 d4 18. cxd4 exd4 19. Bf4 Rfe8 20. a3 Ne5 21. Bxe5 Qxe5 22. f4 Qa5 23. e5 Bb5 24. Rad1 Rad8 25. b4 Qc7 26. Bxb5 axb5 27. Rd3 Rd5 28. Rfd1 Red8 29. h3 Qe7 30. Qf2 Qd7 31. Qf3 Qc6 32. Kh2 Qc4 33. Qe4 Qc2 34. R1d2 Qc4 35. Kg1 Qc1+ 36. Kf2 Qc4 37. Kg3 Qc1 38. Rd1 Qc2 39. Kh2 Qc4 40. R1d2 R5d7 41. Rg3 d3 42. Qe3 Qd4 43. f5 Qxe3 44. Rxe3 Kf8 45. Kg3 Ke7 46. Re4 Rd4 47. Kf3 R8d5 48. Ke3 Rc4 49. Rxd3 Rxd3+ 50. Kxd3 Rc1 51. Kd4 Ra1 52. Re3 Rxa3 53. Rxa3 1-0


[Site "https://www.chess.com"]

[Event "Titled Tuesday Blitz January 03 Early 2023"]
[White "Taboas Rodriguez, Daniel"]
[Black "Jobava, Baadur"]
[WhiteFideId "2208466"]
[BlackFideId "13601520"]
[WhiteElo "2371"]
[BlackElo "2578"]
[Result "0-1"]
[Round "01"]
[TimeControl "180+2"]
[Date "2023.01.03"]
[WhiteClock "0:00:04"]
[BlackClock "0:00:04"]

1. d4 d5 2. Nf3 Nf6 3. c4 dxc4 4. e3 Bg4 5. Bxc4 e6 6. Be2 Nbd7 7. h3 Bh5 8. O-O Be7 9. b3 O-O 10. Bb2 c5 11. Nc3 Rc8 12. Rc1 a6 13. d5 exd5 14. Nxd5 h6 15. Qd2 Nb6 16. Nxf6+ Bxf6 17. Qxd8 Rfxd8 18. Bxf6 gxf6 19. Rfd1 Rxd1+ 20. Rxd1 Kg7 21. Kf1 Rc7 22. Nh4 Bg6 23. Rc1 Nd7 24. f4 Be4 25. Bf3 Bxf3 26. gxf3 h5 27. Ke2 Kf8 28. Nf5 b5 29. Ng3 h4 30. Nf5 Nb6 31. Nxh4 c4 32. bxc4 Nxc4 33. Nf5 a5 34. h4 a4 35. Nd4 b4 36. Nb5 Rc6 37. Na7 Rc5 38. Nb5 b3 39. axb3 axb3 40. Nd4 b2 41. Rb1 Ra5 42. Kd3 Ra1 43. Kc2 Na3+ 44. Kxb2 Rxb1+ 45. Kxa3 Rh1 46. Nf5 Rh3 47. Nd4 Rxh4 48. Kb4 Rh1 49. Kc4 Ke7 50. Kd5 Ra1 51. Nf5+ Kd7 52. Nd4 Ra5+ 53. Ke4 Kd6 54. Nf5+ Kc5 55. Nd4 Kc4 56. Nf5 Ra6 57. Nh6 Ra5 58. Nf5 Kc3 59. Nd6 Rc5 60. Nf5 Kd2 61. Nd6 Ke2 62. Nxf7 f5+ 63. Kd4 Ra5 64. Nd6 Ra4+ 65. Ke5 Kxe3 66. Nxf5+ Kxf3 67. Nd4+ Kg4 68. Ne6 Ra5+ 69. Kf6 Rf5+ 70. Ke7 Ra5 71. Kd6 Kf5 72. Ke7 Ra7+ 0-1


[Site "https://www.chess.com"]

[Event "Titled Tuesday Blitz January 03 Early 2023"]
[White "Martinez Alcantara, Jose Eduardo"]
[Black "Kvaloy, Aksel Bu"]
[WhiteFideId "3805662"]
[BlackFideId "1528815"]
[WhiteElo "2619"]
[BlackElo "2321"]
[Result "1-0"]
[Round "01"]
[TimeControl "180+2"]
[Date "2023.01.03"]
[WhiteClock "0:01:21"]
[BlackClock "0:00:34"]

1. e4 e5 2. Nf3 Nf6 3. Nxe5 Nc6 4. Nf3 Nxe4 5. Nc3 Nxc3 6. dxc3 d5 7. Be3 Be6 8. Qd2 Qd7 9. O-O-O O-O-O 10. Bb5 a6 11. Ne5 Qd6 12. Nxc6 bxc6 13. Bxa6+ Kb8 14. Be2 c5 15. Qd3 c4 16. Qd4 c5 17. Qf4 Qxf4 18. Bxf4+ Kb7 19. Bxc4 Be7 20. Be2 Bf6 21. Bf3 Kb6 22. Rhe1 Rd7 23. Be5 Bg5+ 24. Kb1 Rg8 25. a3 Be7 26. b4 Ra8 27. Kb2 Rda7 28. Ra1 Kb5 29. Bxg7 cxb4 30. cxb4 Rxa3 31. Be2+ Kb6 32. Bd4+ Kc6 33. Rxa3 1-0


[Site "https://www.chess.com"]

[Event "Titled Tuesday Blitz January 03 Early 2023"]
[White "Gurevich, Dmitry"]
[Black "Pranav, V"]
[WhiteFideId "2000407"]
[BlackFideId "25060783"]
[WhiteElo "2393"]
[BlackElo "2597"]
[Result "1-0"]
[Round "01"]
[TimeControl "180+2"]
[Date "2023.01.03"]
[WhiteClock "0:00:25"]
[BlackClock "0:00:48"]

1. d4 Nf6 2. c4 e6 3. Nc3 Bb4 4. a3 Bxc3+ 5. bxc3 O-O 6. e3 b6 7. Bd3 Bb7 8. f3 d6 9. Ne2 Nbd7 10. e4 c5 11. O-O Rc8 12. Bg5 Re8 13. d5 h6 14. Bh4 Ne5 15. f4 Ng6 16. Bxf6 Qxf6 17. Qd2 Ba6 18. Ng3 exd5 19. exd5 b5 20. cxb5 c4 21. Bxg6 Bxb5 22. Bc2 Qd8 23. f5 f6 24. Nh5 Re5 25. Nf4 Qb6+ 26. Qf2 Re3 27. Rae1 Rxc3 28. Qxb6 axb6 29. Rf2 Rxa3 30. h4 c3 31. Re7 Ba4 32. Ne6 Ra1+ 33. Kh2 Ra2 34. Rxg7+ Kh8 35. Rg6 Bxc2 36. Rxh6+ Kg8 37. Rf3 Kf7 38. Rh7+ Kg8 39. Rh6 Kf7 40. Rg3 Rf8 41. Rg7+ Ke8 42. Rhh7 1-0


[Site "https://www.chess.com"]

[Event "Titled Tuesday Blitz January 03 Early 2023"]
[White "Sarana, Alexey"]
[Black "Lehtosaari, Mauri"]
[WhiteFideId "24133795"]
[BlackFideId "501999"]
[WhiteElo "2685"]
[BlackElo "2176"]
[Result "1-0"]
[Round "01"]
[TimeControl "180+2"]
[Date "2023.01.03"]
[WhiteClock "0:02:13"]
[BlackClock "0:00:57"]

1. d4 d5 2. c4 c6 3. Nf3 Nf6 4. Nc3 dxc4 5. a4 Bf5 6. Ne5 Nbd7 7. Nxc4 Nb6 8. Ne5 a5 9. e3 Nfd7 10. Nxf7 Kxf7 11. Qf3 e6 12. g4 g6 13. e4 Nf6 14. gxf5 Qxd4 15. fxe6+ Kg7 16. Be3 Qb4 17. O-O-O Nxa4 18. Nxa4 Qxa4 19. e5 Qa1+ 20. Kc2 Qa4+ 21. Kb1 Qe4+ 22. Qxe4 Nxe4 23. Rd7+ Kg8 24. e7 1-0


[Site "https://www.chess.com"]

[Event "Titled Tuesday Blitz January 03 Early 2023"]
[White "Arias, Juan Cruz"]
[Black "Lazavik, Denis"]
[WhiteFideId "118540"]
[BlackFideId "13515110"]
[WhiteElo "2320"]
[BlackElo "2544"]
[Result "1-0"]
[Round "01"]
[TimeControl "180+2"]
[Date "2023.01.03"]
[WhiteClock "0:00:28"]
[BlackClock "0:00:09"]

1. d4 f5 2. Nf3 Nf6 3. e3 g6 4. b3 Bg7 5. Bc4 e6 6. Bb2 O-O 7. Nbd2 d6 8. a4 Nc6 9. Qe2 Kh8 10. h4 Nh5 11. Ng5 Qe7 12. Ndf3 e5 13. dxe5 Nxe5 14. Nxe5 dxe5 15. O-O-O Bd7 16. Rd2 h6 17. Rhd1 Rad8 18. Nf3 e4 19. Nd4 Bc8 20. g3 a6 21. Kb1 c5 22. Ne6 Rxd2 23. Nxf8 Rxd1+ 24. Qxd1 Qxf8 25. Bxg7+ Kxg7 26. Qd5 Nf6 27. Qe5 Bd7 28. a5 h5 29. Qc7 Qc8 30. Qd6 Qd8 31. Qxc5 Bc6 32. Qe5 Qe8 33. Qc7+ Qd7 34. Qe5 1-0


[Site "https://www.chess.com"]

[Event "Titled Tuesday Blitz January 03 Early 2023"]
[White "rhinobritos"]
[Black "Mei, Austin"]
[BlackFideId "30948479"]
[WhiteElo "2994"]
[BlackElo "2218"]
[Result "1/2-1/2"]
[Round "01"]
[TimeControl "180+2"]
[Date "2023.01.03"]
[WhiteClock "0:00:20"]
[BlackClock "0:00:18"]

1. d4 Nf6 2. Nf3 d5 3. Bf4 g6 4. e3 Bg7 5. h3 O-O 6. Be2 c5 7. c3 b6 8. Kf1 Bb7 9. Nbd2 Nc6 10. Ne5 Nd7 11. Nxd7 Qxd7 12. Nf3 f6 13. Qb3 c4 14. Qc2 e5 15. Bg3 e4 16. Nd2 b5 17. h4 h6 18. f3 f5 19. f4 h5 20. Kg1 Rfc8 21. Kh2 Nd8 22. b3 Ne6 23. bxc4 bxc4 24. Rhb1 Bc6 25. Rb2 Rab8 26. Rab1 Qc7 27. Kh1 Kh7 28. Bf2 Rb6 29. Nf1 Rcb8 30. Ng3 Rxb2 31. Rxb2 Rxb2 32. Qxb2 Qb6 33. Qa3 Bf8 34. Qc1 Qa5 35. Qd2 Ng7 36. Bf1 Ba3 37. Ne2 Qb5 38. Ng1 Qb2 39. Be1 Qxd2 40. Bxd2 a5 41. Nh3 Ne6 42. Kg1 Kg7 43. Kf2 Kf7 44. Be2 Ke7 45. Bd1 Bb2 46. Ke2 Nc7 47. a4 Ne6 48. Ng5 Nxg5 49. hxg5 Ba3 50. Bc2 Bd6 51. Kd1 Kf7 52. Kc1 Bc7 53. Kb1 Bd6 54. Ka2 Ke6 1/2-1/2


[Site "https://www.chess.com"]

[Event "Titled Tuesday Blitz January 03 Early 2023"]
[White "Ozdemir, Serhan Berat"]
[Black "Paravyan, David"]
[WhiteFideId "6374611"]
[BlackFideId "4194985"]
[WhiteElo "2223"]
[BlackElo "2601"]
[Result "0-1"]
[Round "01"]
[TimeControl "180+2"]
[Date "2023.01.03"]
[WhiteClock "0:00:02"]
[BlackClock "0:00:03"]

1. e4 e5 2. Nf3 Nf6 3. Nxe5 d6 4. Nf3 Nxe4 5. d4 d5 6. Bd3 Bd6 7. Nbd2 Bf5 8. O-O O-O 9. Re1 Re8 10. Nf1 c6 11. c3 Nd7 12. Ng3 Nxg3 13. hxg3 Bxd3 14. Qxd3 Rxe1+ 15. Nxe1 Qf6 16. Nf3 Re8 17. Bg5 Qg6 18. Qxg6 hxg6 19. Re1 Rxe1+ 20. Nxe1 Nf8 21. Nd3 Ne6 22. Bf4 Nxf4 23. gxf4 f6 24. g4 Kf7 25. f5 gxf5 26. gxf5 g6 27. fxg6+ Kxg6 28. Kg2 Kf5 29. Kf3 a5 30. a4 b5 31. axb5 cxb5 32. Ne1 a4 33. Nc2 Bf8 34. Ne1 Bh6 35. Ke2 Bc1 36. Nd3 Bh6 37. Nb4 Ke6 38. Nd3 Bf8 39. Nf4+ Kd6 40. Nd3 Kc6 41. Kf3 b4 42. cxb4 Kb5 43. Kf4 Kc4 44. Ke3 Bxb4 45. Nf4 Bd6 46. Nd3 Kb3 47. Kd2 Bf8 48. Ke2 Bh6 49. Nc5+ Kb4 50. Nd3+ Kc4 51. Nc5 Kxd4 52. Nxa4 Bf8 53. Nc3 Kc4 54. Nd1 d4 55. Kd2 Bh6+ 56. Ke2 d3+ 57. Kf3 Bc1 58. Ne3+ Kd4 59. Nd1 f5 60. Kg2 Kc4 61. Kf3 Kb3 62. Ne3 Kxb2 63. Nxf5 Bg5 64. Nd4 Kc3 65. Ne2+ Kc2 66. Nd4+ Kb2 67. Ne2 d2 0-1


[Site "https://www.chess.com"]

[Event "Titled Tuesday Blitz January 03 Early 2023"]
[White "Bluebaum, Matthias"]
[Black "Tomaszewski, Kacper"]
[WhiteFideId "24651516"]
[BlackFideId "1127373"]
[WhiteElo "2669"]
[BlackElo "2313"]
[Result "1-0"]
[Round "01"]
[TimeControl "180+2"]
[Date "2023.01.03"]
[WhiteClock "0:01:19"]
[BlackClock "0:00:50"]

1. d4 d5 2. c4 e6 3. Nc3 Nf6 4. cxd5 Nxd5 5. e4 Nxc3 6. bxc3 c5 7. Rb1 Be7 8. Bc4 O-O 9. Ne2 a6 10. a4 Qc7 11. Bf4 Bd6 12. Bxd6 Qxd6 13. O-O cxd4 14. cxd4 Nd7 15. Ng3 Rd8 16. e5 Qe7 17. Qg4 Nf8 18. h4 Ng6 19. h5 Qh4 20. Qxh4 Nxh4 21. Rfd1 Bd7 22. a5 Bc6 23. f3 g5 24. Ne4 h6 25. d5 exd5 26. Bxd5 Bxd5 27. Nf6+ Kg7 28. Nxd5 Rac8 29. Ne3 Rxd1+ 30. Rxd1 Rc5 31. e6 fxe6 32. Rd7+ Kf6 33. Ng4+ Kf5 34. Rf7# 1-0


[Site "https://www.chess.com"]

[Event "Titled Tuesday Blitz January 03 Early 2023"]
[White "Martic, Ivan"]
[Black "Sjugirov, Sanan"]
[WhiteFideId "929301"]
[BlackFideId "4189302"]
[WhiteElo "2301"]
[BlackElo "2712"]
[Result "0-1"]
[Round "01"]
[TimeControl "180+2"]
[Date "2023.01.03"]
[WhiteClock "0:02:50"]
[BlackClock "0:02:54"]

1. e4 c6 2. d4 d5 3. Nd2 dxe4 4. Nxe4 Nf6 5. Nxf6+ exf6 6. c3 Bd6 7. Bd3 O-O 8. Qc2 Re8+ 9. Ne2 h6 10. Bd2 Be6 11. O-O Qc7 0-1


[Site "https://www.chess.com"]

[Event "Titled Tuesday Blitz January 03 Early 2023"]
[White "Narayanan.S.L"]
[Black "Bilan, Danila"]
[WhiteFideId "5058422"]
[BlackFideId "24161918"]
[WhiteElo "2660"]
[BlackElo "2303"]
[Result "1-0"]
[Round "01"]
[TimeControl "180+2"]
[Date "2023.01.03"]
[WhiteClock "0:01:51"]
[BlackClock "0:00:06"]

1. e4 c6 2. d4 d5 3. exd5 cxd5 4. Bd3 Nc6 5. c3 Qc7 6. h3 g6 7. Nf3 Bf5 8. O-O Nf6 9. Re1 e6 10. a4 Bd6 11. Na3 a6 12. Nc2 Bxd3 13. Qxd3 Ne4 14. Ne3 f5 15. Bd2 O-O 16. Re2 b5 17. axb5 axb5 18. Rxa8 Rxa8 19. Qxb5 Rb8 20. Qd3 Rxb2 21. Be1 Rxe2 22. Qxe2 Na5 23. Qa6 Kg7 24. Qa8 Nc4 25. Nxc4 Qxc4 26. Qe8 Kf6 27. Qh8+ Kf7 28. Qxh7+ Kf6 29. Qh8+ Kf7 30. Qh7+ Kf6 31. g4 Qe2 32. g5+ Nxg5 33. Qh8+ Ke7 34. Nxg5 Qxe1+ 35. Kg2 Qe2 36. Qg7+ Kd8 37. Qf7 Be7 38. Nxe6+ Kd7 39. Nf4 Qe4+ 40. Kg3 Qe1 41. Nxd5 Qg1+ 42. Kf3 Qh1+ 43. Ke2 Qe4+ 44. Kd2 g5 45. Qxe7+ Qxe7 46. Nxe7 Kxe7 47. Ke3 Ke6 48. c4 Kd6 49. f4 1-0


[Site "https://www.chess.com"]

[Event "Titled Tuesday Blitz January 03 Early 2023"]
[White "Berezin, Viktor"]
[Black "Oparin, Grigoriy"]
[WhiteFideId "14107872"]
[BlackFideId "24125890"]
[WhiteElo "2307"]
[BlackElo "2667"]
[Result "0-1"]
[Round "01"]
[TimeControl "180+2"]
[Date "2023.01.03"]
[WhiteClock "0:00:05"]
[BlackClock "0:01:01"]

1. d4 f5 2. g3 Nf6 3. Bg2 g6 4. Nh3 Bg7 5. Nf4 O-O 6. h4 e6 7. c3 Nc6 8. h5 g5 9. h6 Bh8 10. Nh5 Nxh5 11. Rxh5 Bf6 12. Nd2 Qe8 13. Rh1 d6 14. Qb3 Kh8 15. Nf3 g4 16. Nd2 e5 17. dxe5 dxe5 18. Nc4 Rb8 19. Ne3 Ne7 20. Bd2 a5 21. a4 c6 22. Qb6 f4 23. Nc4 Be6 24. Nd6 Qd7 25. Ne4 Nd5 26. Qxa5 Bd8 27. Qc5 Be7 28. Qc4 Ne3 29. Nc5 Nxc4 30. Nxd7 Bxd7 31. O-O-O fxg3 32. fxg3 Be6 33. Be4 Rbd8 34. Bd3 Nxd2 35. Kxd2 e4 36. Kc2 exd3+ 37. exd3 Bd6 38. Rhe1 Bd5 39. Re3 Bf3 40. Rg1 Rfe8 41. Rge1 Rxe3 42. Rxe3 Bxg3 43. Re7 c5 44. b4 cxb4 45. cxb4 Bh4 46. Rf7 Bg5 47. b5 Bxh6 48. a5 Be3 49. a6 bxa6 50. bxa6 Ra8 51. d4 Bxd4 52. Kd3 Bf2 53. Rf6 Kg7 54. Rd6 g3 55. Rd7+ Kg6 56. Rd6+ Kg5 57. Rd7 g2 58. Rg7+ Kf6 59. Rxh7 g1=Q 60. Rh6+ Kg5 61. Rh7 Qd1+ 62. Kc4 Rc8+ 63. Kb5 Qb1+ 64. Ka5 Be1+ 0-1


[Site "https://www.chess.com"]

[Event "Titled Tuesday Blitz January 03 Early 2023"]
[White "Keymer, Vincent"]
[Black "Padmini, Rout"]
[WhiteFideId "12940690"]
[BlackFideId "5029295"]
[WhiteElo "2700"]
[BlackElo "2375"]
[Result "1-0"]
[Round "01"]
[TimeControl "180+2"]
[Date "2023.01.03"]
[WhiteClock "0:01:17"]
[BlackClock "0:00:01"]

1. a3 e5 2. c4 Nc6 3. d3 f5 4. b4 Nf6 5. Bb2 d6 6. g3 Be7 7. Bg2 O-O 8. Nc3 a5 9. b5 Nb8 10. e3 Nbd7 11. Nge2 Nb6 12. O-O Qe8 13. Rc1 Qh5 14. Qd2 Ng4 15. h3 Nf6 16. f4 g5 17. c5 Nbd7 18. Nd5 Nxd5 19. Bxd5+ Kh8 20. fxe5 Nxe5 21. cxd6 cxd6 22. Bg2 Bf6 23. Nd4 Bg7 24. Rc7 Bd7 25. Rxb7 Rae8 26. Nc6 Bxc6 27. bxc6 Bf6 28. Rxf5 Qg6 29. Qf2 Bg7 30. Be4 1-0


[Site "https://www.chess.com"]

[Event "Titled Tuesday Blitz January 03 Early 2023"]
[White "ArchibaldCerveza29"]
[Black "Xiong, Jeffery"]
[BlackFideId "2047640"]
[WhiteElo "2510"]
[BlackElo "2692"]
[Result "0-1"]
[Round "01"]
[TimeControl "180+2"]
[Date "2023.01.03"]
[WhiteClock "0:00:13"]
[BlackClock "0:00:32"]

1. d4 f5 2. Bg5 h6 3. Bh4 c6 4. Nc3 d5 5. e4 g5 6. Qh5+ Kd7 7. Bg3 f4 8. exd5 Nf6 9. dxc6+ bxc6 10. Qd1 Kc7 11. Nf3 Bg7 12. Qd2 fxg3 13. hxg3 Qd6 14. Ne5 Be6 15. O-O-O Nbd7 16. f4 Rab8 17. a3 Rxb2 18. Kxb2 Rb8+ 19. Nb5+ cxb5 20. Qa5+ Nb6 21. Ka1 Ne4 22. Rb1 Qxd4+ 23. Rb2 Bxe5 24. fxe5 Qd1+ 25. Rb1 Qxc2 26. Rb2 Qd1+ 27. Rb1 Qd4+ 28. Rb2 Nxg3 29. Rxh6 Qd1+ 30. Rb1 Qd4+ 31. Rb2 Qxe5 32. Bxb5 a6 33. Qxa6 Qe1+ 34. Rb1 Qc3+ 35. Rb2 Ra8 36. Rxe6 Rxa6 37. Bxa6 Qxa3+ 38. Ra2 Qc1# 0-1


[Site "https://www.chess.com"]

[Event "Titled Tuesday Blitz January 03 Early 2023"]
[White "Dominguez Perez, Leinier"]
[Black "Murtazin, Ruslan"]
[WhiteFideId "3503240"]
[BlackFideId "24175960"]
[WhiteElo "2739"]
[BlackElo "2247"]
[Result "1-0"]
[Round "01"]
[TimeControl "180+2"]
[Date "2023.01.03"]
[WhiteClock "0:00:53"]
[BlackClock "0:00:04"]

1. e4 e6 2. d4 d5 3. Nc3 Nf6 4. e5 Nfd7 5. f4 c5 6. Nf3 Nc6 7. Be3 cxd4 8. Nxd4 Bc5 9. Qd2 a6 10. O-O-O O-O 11. Qf2 Qe7 12. Kb1 Nxd4 13. Bxd4 b5 14. Bd3 b4 15. Ne2 a5 16. Bb5 Bxd4 17. Nxd4 Nb8 18. Rhe1 Bd7 19. f5 exf5 20. Nxf5 Qe6 21. Nd4 Qb6 22. Qe2 Re8 23. Qd3 g6 24. h4 h5 25. e6 Bxb5 26. exf7+ Kxf7 27. Nxb5 Rd8 28. Nd4 Nd7 29. Re6 1-0


[Site "https://www.chess.com"]